 Dungeon Crawl Stone Soup version 0.31.0-32-g396128a36d (webtiles) character file.

Game seed: 10138897080831707353

2982 James the Gouger (level 9, 0/50 HPs)
             Began as a Felid Fighter on Apr 20, 2024.
             Slain by Joseph
             ... wielding a +0 quarterstaff
              (7 damage)
             ... on level 7 of the Dungeon.
             The game lasted 00:22:00 (7421 turns).

James the Gouger (Felid Fighter)                    Turns: 7421, Time: 00:22:01

Health: 0/50       AC:  2    Str: 16    XL:     9   Next: 53%
Magic:  0/10       EV: 20    Int: 13    God:
Gold:   295        SH:  0    Dex: 15    Spells: 8/8 levels left
                                        Lives:  0   Deaths: 2

rFire   . .          .
                       - Unarmed
rCold   . . .        (shield unavailable)
rNeg    . . .        (body armour unavailable)
rPois   .            (helmet unavailable)
rElec   .            (cloak unavailable)
rCorr   .            (gloves unavailable)
SInv    +            (boots unavailable)
Will    ++...        h - amulet of guardian spirit
Stlth   ++++         o - ring of willpower
HPRegen 0.28/turn    (no ring)
MPRegen 0.12/turn

%: guardian spirit
@: mighty
A: very small, claws 1, fangs 3, see invisible, shaggy fur 2, stealthy paws, no
weapons or thrown items, no armour, multi-lived
a: no special abilities


You were on level 7 of the Dungeon.
You visited 2 branches of the dungeon, and saw 8 of its levels.

You collected 295 gold pieces.

Inventory:

Missiles
 j - 3 throwing nets {!f}
Jewellery
 f - an amulet of reflection
   (You found it on level 4 of the Dungeon)
 h - an amulet of guardian spirit (around neck)
   (You found it on level 6 of the Dungeon)
 o - a ring of willpower (left paw)
   (You found it on level 7 of the Dungeon)
Wands
 n - a wand of polymorph (7)
   (You found it on level 6 of the Dungeon)
Scrolls
 d - 7 scrolls of teleportation {@r4}
 g - a scroll of poison {!r}
 k - a scroll of revelation
 m - 2 scrolls of fear
 q - 2 scrolls of identify {@r1}
Potions
 b - 2 potions of haste {@q3}
 e - a potion of degeneration {!q}
 i - 4 potions of attraction {!q}
 l - a potion of curing {@q1}
 p - a potion of heal wounds {@q2}


   Skills:
 + Level 7.3 Fighting
 - Level 7.0 Dodging
 - Level 8.0 Stealth
 - Level 10.0 Unarmed Combat


You had 8 spell levels left.
You didn't know any spells.
Your spell library contained the following spells:

 Spells                   Type           Power      Damage    Failure   Level
 Cigotuvi's Dreadful Rot  Necr/Alch/Air  0%         N/A       43%         2
 Mercury Vapours          Alch/Air       0%         N/A       43%         2
 Call Canine Familiar     Summ           0%         N/A       67%         3
 Mephitic Cloud           Conj/Alch/Air  0%         N/A       67%         3
 Sigil of Binding         Hex            0%         N/A       67%         3
 Ignite Poison            Fire/Alch      0%         N/A       97%         4
 Freezing Cloud           Conj/Ice/Air   0%         6-21      100%        5
 Dimensional Bullseye     Hex/Tloc       Unusable   N/A       N/A         4

Dungeon Overview and Level Annotations

Branches:
Dungeon (7/15)             Temple (1/1) D:4

Altars:
Ashenzari
Cheibriados
Dithmenos
Elyvilon
Fedhas
Gozag
Hepliaklqana
Kikubaaqudgha
Makhleb
Nemelex Xobeh
Okawaru
Qazlal
Ru
Sif Muna
Trog
Vehumet
Xom
Yredelemnul
Zin
The Shining One

Annotations:
D:7 Joseph, Maggie


Innate Abilities, Weirdness & Mutations

You have sharp claws.
You have razor-sharp teeth.
You have supernaturally acute eyesight. (SInv)
You are covered in thick fur. (AC +2)
Your paws help you pounce on unaware monsters.
You are incapable of wielding weapons or throwing items.
You cannot wear armour.
You gain extra lives every three experience levels.


Message History

* * * LOW HITPOINT WARNING * * *
You closely miss Joseph. Your claw misses Joseph.
Joseph hits you with a +0 quarterstaff!!
* * * LOW HITPOINT WARNING * * *
A red film seems to cover your vision as you go berserk!
You feel yourself moving faster!
You feel mighty! Joseph hits you with a +0 quarterstaff!
You die...
You rejoin the land of the living...
Okay, then.
Found 4 stones.
You see here 4 stones.
You see here 4 stones.
You see here a +0 robe.
There is an escape hatch in the floor here.
There is an escape hatch in the floor here.
You see here a +2 rapier of venom.
You see here the felid corpse of James.
The white imp shouts!
The white imp gestures at you. The puff of frost hits you.
The white imp barely misses you.
You claw the white imp!
You kill the white imp!
Joseph shouts!
Joseph unwields a +0 quarterstaff.
Joseph wields a +0 sling.
Joseph shoots a sling bullet.
The sling bullet hits you!!
You start resting.
Joseph is nearby!
Joseph says, "I'm happy to see you. And I'll be happy to kill you."
Joseph shoots a sling bullet.
The sling bullet hits you!
* * * LOW HITPOINT WARNING * * *
Joseph unwields a +0 sling.
Joseph wields a +0 quarterstaff.
Joseph hits you with a +0 quarterstaff.
* * * LOW HITPOINT WARNING * * *
Okay, then.
Unknown command.
Press: ? - help, Shift-Dir - straight line, f - Joseph
Aim: Joseph, wielding a +0 quarterstaff and wearing a +0 leather armour (will become a golden eye, a black bear, or a tengu, chance to affect: 31%)
Okay, then.
Unknown command.
Unknown command.
You feel very mighty all of a sudden.
Unknown command.
You mangle Joseph!! Joseph hits you with a +0 quarterstaff!
* * * LOW HITPOINT WARNING * * *
You scratch Joseph.
Joseph says, "You must be punished!
Or...
I want to punish you!" Joseph hits you with a +0 quarterstaff!
You die...

#####.....#.....###...>...
##.#..#.....# #.####.#
#.......@.## #.# ###
#.#..##...####.######
#.#..................
#........############
####.######......)... #@#
##.#.########
#@####.###.## # #...†.##
##.# # ######.###.## #
##.#.## # ##.## # ###


You could see Joseph.

Vanquished Creatures
  Pikel (D:5)
  Prince Ribbit (D:5)
  Sigmund (D:3)
  A steam dragon (D:7)
  A water moccasin (D:6)
  Duvessa (D:7)
  An orc warrior (D:6)
  An ice beast (D:5)
  2 ogres
  2 centaurs
  A lemure (D:5)
  2 bullfrogs (D:6)
  A scorpion (D:5)
  Dowan (D:7)
  3 killer bees (D:7)
  A howler monkey (D:4)
  2 bombardier beetles (D:3)
  3 hounds
  2 orc priests
  A sleepcap (D:6)
  2 iguanas
  13 orc wizards
  Robin (D:3)
  4 gnolls
  9 adders
  2 shadow imps
  2 white imps
  2 ufetubi (D:6)
  4 dart slugs
  3 ribbon worms (D:2)
  35 orcs
  10 ball pythons
  3 bats
  6 endoplasms
  2 giant cockroaches (D:1)
  9 goblins
  10 hobgoblins
  3 jackals (D:1)
  5 quokkas
  4 frilled lizards
  5 kobolds
  6 rats
169 creatures vanquished.

Vanquished Creatures (others)
  An orc wizard (D:4)
  A rat (D:1)
2 creatures vanquished.

Grand Total: 171 creatures vanquished

Notes
Turn   | Place    | Note
-------+----------+-------------------------------------------
     0 | D:1      | James the Felid Fighter began the quest for the Orb.
     0 | D:1      | Reached XP level 1. HP: 12/12 MP: 2/2
    57 | D:1      | Reached skill level 1 in Stealth
   168 | D:1      | Reached XP level 2. HP: 16/16 MP: 3/3
   515 | D:1      | Reached XP level 3. HP: 20/20 MP: 4/4
  1058 | D:2      | Reached skill level 5 in Stealth
  1084 | D:2      | Reached XP level 4. HP: 24/24 MP: 5/5
  1084 | D:2      | Gained a life (2 lives remaining)
  1827 | D:3      | Noticed an ogre
  1903 | D:3      | Reached skill level 5 in Dodging
  1903 | D:3      | Reached XP level 5. HP: 28/28 MP: 6/6
  2123 | D:3      | Noticed Robin
  2204 | D:3      | Killed Robin
  2288 | D:3      | Reached skill level 5 in Unarmed Combat
  2453 | D:3      | Noticed Sigmund
  2457 | D:3      | Killed Sigmund
  2458 | D:3      | Reached skill level 6 in Unarmed Combat
  2458 | D:3      | Gained mutation: You are covered in thick fur. (AC +2)
                  | [Felid growth]
  2458 | D:3      | Reached XP level 6. HP: 32/32 MP: 7/7
  2834 | D:4      | Reached XP level 7. HP: 23/37 MP: 8/8
  3173 | D:4      | Found a staircase to the Ecumenical Temple.
  3182 | Temple   | Entered the Ecumenical Temple
  3349 | D:4      | Reached skill level 5 in Fighting
  4093 | D:5      | Entered Level 5 of the Dungeon
  4259 | D:5      | Reached skill level 7 in Unarmed Combat
  4269 | D:5      | Noticed Pikel
  4280 | D:5      | Killed Pikel
  4281 | D:5      | Reached XP level 8. HP: 32/44 MP: 9/9
  4293 | D:5      | Reached skill level 8 in Unarmed Combat
  4642 | D:5      | Noticed Prince Ribbit
  4644 | D:5      | Killed Prince Ribbit
  4645 | D:5      | Reached skill level 9 in Unarmed Combat
  5330 | D:6      | Reached XP level 9. HP: 43/48 MP: 10/10
  5501 | D:6      | Found an iron altar of Okawaru.
  5605 | D:6      | Found a shimmering blue altar of Sif Muna.
  5800 | D:6      | Reached skill level 10 in Unarmed Combat
  5885 | D:6      | Found a faded altar of an unknown god.
  5885 | D:6      | Found a broken altar of Ashenzari.
  5892 | D:6      | Found a white marble altar of Elyvilon.
  5894 | D:6      | Found a faded altar of an unknown god.
  5895 | D:6      | Found an opulent altar of Gozag.
  6501 | D:7      | Noticed Duvessa
  6638 | D:7      | Noticed Dowan
  6674 | D:7      | Killed Dowan
  6717 | D:7      | Slain by Duvessa
  6717 | D:7      | Lost a life (1 life remaining)
  6730 | D:7      | Killed Duvessa
  6933 | D:7      | Noticed Maggie
  7265 | D:7      | Noticed Joseph
  7277 | D:7      | Mangled by Joseph
  7277 | D:7      | Lost a life (0 lives remaining)
  7421 | D:7      | Slain by Joseph

Illustrated notes

Levels and vault maps discovered:
D:1:      dpeg_arrival_connections, layout_loops_ring, minmay_3d_cube
D:2:      layout_loops_corners, st_stairs_11
D:3:      layout_loops_ring, uniq_sigmund, uniq_robin
D:4:      layout_basic, lemuel_temple_firewalk_a
D:5:      layout_loops_ring, kennysheep_boxes, uniq_pikel, uniq_prince_ribbit1
D:6:      dreamdust_elfheim, layout_loops_corners, okawaru_metal_pillars_3,
          old_standard_altar, chequers_temple_overflow_minitemple
D:7:      layout_loops_ring, amethyst_killhole, uniq_maggie, uniq_duvessa,
          uniq_joseph
Temple:   nicolae_temple_superstar

Skill      XL: |  1  2  3  4  5  6  7  8  9 |
---------------+----------------------------+-----
Stealth        | 2 4 5 6 7 8 |  8.0
Dodging        | 5 6 7 |  7.0
Unarmed Combat | 6 7 9 10 | 10.0
Fighting       | 4 6 7 |  7.3

Action                     |  1- 3 |  4- 6 |  7- 9 || total
---------------------------+-------+-------+-------++-------
  Melee: Unarmed           |    84 |   109 |   267 ||   460
         Bite              |     8 |    10 |    28 ||    46
         Punch             |     1 |     2 |    10 ||    13
  Evoke: Wand              |       |     2 |     8 ||    10
    Use: Scroll            |       |     1 |    16 ||    17
         Potion            |       |       |     4 ||     4
   Stab: Sleeping          |     7 |    15 |    11 ||    33
         Paralysed         |       |     3 |     1 ||     4
         Distracted        |       |       |     2 ||     2
 Armour: Skin              |    27 |    30 |    93 ||   150
  Dodge: Dodged            |    50 |    50 |   169 ||   269
  Block: Other             |       |       |    23 ||    23
